 Dungeon Crawl Stone Soup version 0.22.1-1-ga44c0e56f4 (webtiles) character file.

19842 Riddle the Peltast (level 13, -3/86 HPs)
             Began as a Formicid Fighter on Oct 5, 2018.
             Was a High Priest of Makhleb.
             Slain by a freezing wraith (8 damage)
             ... in an ice cave.
             The game lasted 00:31:23 (13453 turns).

Riddle the Peltast (Formicid Fighter)              Turns: 13453, Time: 00:31:24

Health: -3/86      AC: 21    Str: 30    XL:     13   Next: 7%
Magic:  23/23      EV:  9    Int:  7    God:    Makhleb [*****.]
Gold:   197        SH: 22    Dex: 10    Spells: 12/12 levels left

rFire    + . .     SeeInvis +   G - +6 mace "Noqiemud" {elec, *Noise +Rage rElec rF+}
rCold    . . .     Gourm    .   I - +1 large shield
rNeg     . . .     Faith    .   F - +7 chain mail "Daloclit" {Str+3}
rPois    .         Spirit   .   (helmet unavailable)
rElec    +         Reflect  .   r - +0 cloak
rCorr    .         Harm     .   n - +1 pair of gloves {archery}
MR       +++..                  M - +1 pair of boots
Stlth    ..........             v - amulet of regeneration
HPRegen  0.64/turn              B - ring of protection from magic
MPRegen  0.18/turn              c - ring of protection from magic

@: no status effects
A: permanent stasis, dig shafts and tunnels, four strong arms, antennae 3,
deformed body
a: Dig, Shaft Self, Minor Destruction, Lesser Servant of Makhleb, Major
Destruction, Greater Servant of Makhleb, Renounce Religion


You were in an ice cave.
You worshipped Makhleb.
Makhleb was extremely pleased with you.
You were very hungry.

You visited 3 branches of the dungeon, and saw 15 of its levels.
You also visited: Ice Cave.

You collected 663 gold pieces.
You spent 466 gold pieces at shops.

Inventory:

Hand Weapons
 G - the +6 mace "Noqiemud" (weapon) {elec, *Noise +Rage rElec rF+}
   (You bought it in a shop on level 8 of the Dungeon)

   Occasionally, upon striking a foe, it will discharge some electrical energy
   and cause terrible harm.
   It protects you from fire.
   It insulates you from electricity.
   It lets you go berserk.
   It may make noises in combat.
Missiles
 H - 2 throwing nets (quivered)
Armour
 n - a +1 pair of gloves of archery (worn)
 r - a +0 cloak (worn)
 F - the +7 chain mail "Daloclit" (worn) {Str+3}
   (You bought it in a shop on level 5 of the Dungeon)

   It affects your strength (+3).
 I - a +1 large shield (worn)
 M - a +1 pair of boots (worn)
Jewellery
 c - a ring of protection from magic (right hand)
 v - an amulet of regeneration (around neck)
 B - a ring of protection from magic (left hand)
 E - an uncursed ring of resist corrosion
Wands
 a - a wand of paralysis (14)
 e - a wand of flame (46)
 y - a wand of iceblast (13)
 C - a wand of polymorph (9)
 D - a wand of random effects (57)
 K - a wand of disintegration (21)
Scrolls
 k - 3 scrolls of enchant armour
 l - 2 scrolls of enchant weapon
 m - a scroll of amnesia
 o - 3 scrolls of fear
 p - 3 scrolls of blinking
 w - 2 scrolls of noise
 z - 7 scrolls of remove curse
 A - 6 scrolls of identify
Potions
 b - a potion of invisibility
 d - 3 potions of might
 h - 9 potions of curing
 i - 3 potions of haste
 j - 2 potions of resistance
 q - a potion of brilliance
 s - 5 potions of agility
 u - 3 potions of lignification
Comestibles
 f - 44 rations


   Skills:
 - Level 3.2 Fighting
   Level 2.0 Staves
 - Level 11.5 Armour
 - Level 15.0 Shields
 + Level 14.5 Invocations


You had 12 spell levels left.
You didn't know any spells.
Your spell library contained the following spells:

 Spells                   Type           Power        Failure   Level  Hunger
 Sandblast                Erth           #.....       86%         1    ##.....
 Shock                    Conj/Air       #...         86%         1    ##.....
 Sting                    Conj/Pois      #...         86%         1    ##.....
 Passwall                 Tmut/Erth      #.......     95%         2    ###....
 Poisonous Vapours        Pois/Air       #.....       95%         2    ###....
 Swiftness                Chrm/Air       #.......     95%         2    ###....
 Throw Frost              Conj/Ice       #.....       95%         2    ###....
 Mephitic Cloud           Conj/Pois/Air  #.......     99%         3    ####...
 Static Discharge         Conj/Air       #.......     99%         3    ####...
 Stone Arrow              Conj/Erth      #.....       99%         3    ####...
 Airstrike                Air            #.........   100%        4    #####..
 Ice Form                 Ice/Tmut       #.......     100%        4    #####..
 Olgreb's Toxic Radiance  Pois           #.......     100%        4    #####..
 Petrify                  Tmut/Erth      #.......     100%        4    #####..
 Lee's Rapid Deconstruct  Erth           #.........   100%        5    ######.
 Lightning Bolt           Conj/Air       #.........   100%        5    ######.
 Venom Bolt               Conj/Pois      #.........   100%        5    ######.
 Tornado                  Air            #.........   100%        9    #######


Dungeon Overview and Level Annotations

Branches:
Dungeon (11/15)            Temple (1/1) D:7            Lair (3/6) D:10
  Swamp (0/4) Lair:2       Spider (0/4) Lair:2          Orc (0/2) D:10

Altars:
Ashenzari
Cheibriados
Dithmenos
Elyvilon
Fedhas
Gozag
Hepliaklqana
Kikubaaqudgha
Makhleb
Nemelex Xobeh
Okawaru
Qazlal
Ru
Sif Muna
Trog
Uskayaw
Vehumet
Wu Jian
Xom
Yredelemnul
Zin
The Shining One

Shops:
D:5 [   D:8 (

Annotations:
Abyss:1 Psyche


Innate Abilities, Weirdness & Mutations

You cannot be hasted, slowed, berserked, paralysed or teleported.
You can dig through walls and to a lower floor.
Your four strong arms can wield two-handed weapons with a shield.
You have a pair of large antennae on your head. (SInv)
Armour fits poorly on your strangely shaped body.


Message History

You block the freezing wraith's attack.
Unknown command.
Press: ? - help, Shift-Dir - straight line, f/p - freezing wraith
Aim: a freezing wraith (almost destroyed, covered in acid)
The freezing wraith is unaffected.
You block the freezing wraith's attack. x2
Unknown command.
Press: ? - help, Shift-Dir - straight line, f/p - freezing wraith
Aim: a freezing wraith (almost destroyed, covered in acid)
The freezing wraith is unaffected.
The freezing wraith hits you.
* * * LOW HITPOINT WARNING * * *
The freezing wraith freezes you!
* * * LOW HITPOINT WARNING * * *
You block the freezing wraith's attack.
Unknown command.
Press: ? - help, Shift-Dir - straight line, f/p - freezing wraith
Aim: a freezing wraith (almost destroyed, covered in acid)
The zap hits the freezing wraith.
The freezing wraith is almost destroyed.
The freezing wraith hits you!
You die...

..## .## .####
..#.## .....## #
......## .### {{
.......#### ..##
{{{ ..........##
###...# {
....###....##
#@##..# { ..###
###...# ##W...# ###
##..# ##....## ##
#...###....#.#≈≈≈#
##..###...##.≈≈≈≈#
##..###...###≈≈≈≈##
##..###...## ######
##.......###
##.#....###


You could see a freezing wraith.

Vanquished Creatures
  Harold (D:7)
  A hydra (Lair:1)
  A two-headed ogre (D:9)
  Pikel (D:7)
  The ghost of Ramireus the Bolt Thrower, a novice BaHu of Cheibriados (D:6)
  An ugly thing (D:11)
  A manticore (D:11)
  3 freezing wraiths (IceCv)
  A spiny frog (Lair:2)
  A komodo dragon (Lair:1)
  2 polar bears
  A queen bee (Lair:2)
  A troll (D:10)
  3 blink frogs (Lair:3)
  Grinder (D:5)
  6 hippogriffs
  A wraith (D:11)
  A shadow (D:11)
  2 wyverns
  7 yaks
  2 basilisks
  4 hogs (D:7)
  A human (D:7)
  Grum (D:11)
  4 water moccasins
  10 ice beasts
  2 porcupines (Lair:1)
  A hornet zombie (D:9)
  2 orc warriors
  4 slaves (D:5)
  4 sky beasts
  2 black bears
  2 phantoms
  5 ogres
  8 wolves
  8 centaurs
  11 crocodiles
  2 big kobolds
  7 bullfrogs
  A gnoll sergeant (D:8)
  A wyvern skeleton (D:10)
  4 scorpions
  An elephant simulacrum (IceCv)
  23 killer bees (Lair:2)
  A swamp dragon simulacrum (IceCv)
  3 wights (D:6)
  4 howler monkeys
  4 crimson imps
  3 jellies
  A bullfrog zombie (D:9)
  3 hounds
  3 orc priests
  A bullfrog skeleton (D:10)
  10 orc wizards
  2 centaur skeletons
  Ijyb (D:5)
  2 iguanas
  5 worker ants
  2 polar bear simulacra (IceCv)
  4 gnolls (D:8)
  11 adders
  5 shadow imps
  17 white imps
  2 oozes
  An adder zombie (D:7)
  3 worms (D:2)
  2 dart slugs
  4 leopard geckos
  30 orcs
  7 giant cockroaches
  9 goblins
  3 hobgoblins
  7 jackals
  4 quokkas
  4 ball pythons
  7 bats
  2 frilled lizards
  A jackal skeleton (D:5)
  22 kobolds
  A quokka zombie (D:9)
  25 rats
363 creatures vanquished.

Vanquished Creatures (others)
  An ugly thing (D:11)
  A wolf (D:11)
  A centaur (D:11)
  A bullfrog (D:11)
  An orc wizard (D:7)
  A gnoll (D:8)
6 creatures vanquished.

Grand Total: 369 creatures vanquished

Notes
Turn   | Place    | Note
-------+----------+-------------------------------------------
     0 | D:1      | Riddle the Formicid Fighter began the quest for the Orb.
     0 | D:1      | Reached XP level 1. HP: 18/18 MP: 1/1
   108 | D:1      | Reached XP level 2. HP: 24/24 MP: 2/2
   132 | D:1      | Reached skill level 4 in Shields
   340 | D:1      | Reached XP level 3. HP: 29/29 MP: 3/3
   752 | D:2      | Reached XP level 4. HP: 25/35 MP: 4/4
   960 | D:2      | Found an ancient bone altar of Kikubaaqudgha.
  1019 | D:2      | Reached skill level 5 in Shields
  1518 | D:3      | Reached XP level 5. HP: 39/41 MP: 5/5
  1620 | D:3      | Reached skill level 5 in Armour
  2411 | D:4      | Found a radiant altar of Vehumet.
  2412 | D:4      | Found a white marble altar of Elyvilon.
  2541 | D:4      | Reached XP level 6. HP: 44/47 MP: 6/6
  2589 | D:4      | Reached skill level 6 in Shields
  3605 | D:5      | Entered Level 5 of the Dungeon
  3605 | D:5      | Found Pifiown's Antique Armour Emporium.
  3613 | D:5      | Noticed Pikel
  3613 | D:5      | Noticed a slave
  3613 | D:5      | Noticed a slave
  3613 | D:5      | Noticed a slave
  3614 | D:5      | Noticed a slave
  3705 | D:5      | Reached XP level 7. HP: 52/52 MP: 7/7
  4100 | D:5      | Noticed Grinder
  4160 | D:5      | Killed Grinder
  4160 | D:5      | Reached skill level 7 in Shields
  4194 | D:5      | Noticed Ijyb
  4212 | D:5      | Killed Ijyb
  4437 | D:5      | Bought an ancient chain mail for 218 gold pieces
  4437 | D:5      | Identified the +7 chain mail "Daloclit" {Str+3} (You bought
                  | it in a shop on level 5 of the Dungeon)
  4785 | D:5      | Reached XP level 8. HP: 53/58 MP: 8/8
  4807 | D:6      | Reached skill level 8 in Shields
  5075 | D:6      | Reached skill level 9 in Shields
  5223 | D:6      | Found a runed door.
  5315 | D:6      | Noticed Ramireus's ghost (novice BaHu)
  5594 | D:7      | Reached XP level 9. HP: 64/64 MP: 9/9
  5675 | D:7      | Reached skill level 10 in Shields
  5899 | D:7      | Noticed Harold
  6245 | D:7      | Killed Pikel
  6245 | D:7      | Reached skill level 10 in Armour
  6245 | D:7      | Reached skill level 11 in Shields
  6272 | D:7      | Killed Harold
  6272 | D:7      | Reached XP level 10. HP: 61/70 MP: 10/10
  6340 | D:7      | Reached skill level 12 in Shields
  6424 | D:7      | Found an ornate altar of the Wu Jian Council.
  6435 | D:7      | Found a staircase to the Ecumenical Temple.
  6446 | Temple   | Entered the Ecumenical Temple
  6453 | Temple   | Became a worshipper of Makhleb the Destroyer
  6568 | D:7      | Reached skill level 1 in Invocations
  6790 | D:8      | Found a blossoming altar of Fedhas.
  7064 | D:8      | Reached skill level 5 in Invocations
  7082 | D:8      | Found Ulaje's Antique Weapon Shop.
  7287 | D:8      | Reached * piety under Makhleb
  7741 | D:9      | Found a sacrificial altar of Ru.
  7778 | D:9      | Found a shattered altar of Ashenzari.
  7778 | D:9      | Found a basalt altar of Yredelemnul.
  7816 | D:9      | Noticed a two-headed ogre
  7825 | D:9      | Killed a two-headed ogre
  7825 | D:9      | Reached skill level 13 in Shields
  7825 | D:9      | Reached XP level 11. HP: 45/75 MP: 15/15
  7894 | D:9      | Found a stormy altar of Qazlal.
  7959 | D:9      | Found a snail-covered altar of Cheibriados.
  8444 | D:10     | Entered Level 10 of the Dungeon
  8458 | D:10     | Found a staircase to the Orcish Mines.
  8521 | D:10     | Reached ** piety under Makhleb
  8647 | D:10     | Found a staircase to the Lair.
  9175 | D:10     | Noticed Psyche
  9183 | D:10     | Banished Psyche
  9508 | D:11     | Found a sparkling altar of Nemelex Xobeh.
  9532 | D:11     | Reached skill level 14 in Shields
  9580 | D:11     | Noticed a brown ugly thing
  9600 | D:11     | Killed a brown ugly thing
  9869 | D:11     | Noticed Grum
 10012 | D:11     | Noticed a manticore
 10042 | D:11     | Killed a manticore
 10042 | D:11     | Noticed a red ugly thing
 10050 | D:11     | Banished a red ugly thing
 10050 | D:11     | Reached skill level 10 in Invocations
 10050 | D:11     | Reached XP level 12. HP: 47/81 MP: 19/19
 10175 | D:11     | Killed Grum
 10190 | D:11     | Reached *** piety under Makhleb
 10301 | D:8      | Bought a smoking mace for 248 gold pieces
 10302 | D:8      | Identified the +6 mace "Noqiemud" {elec, *Noise +Rage rElec
                  | rF+} (You bought it in a shop on level 8 of the Dungeon)
 10314 | D:8      | Gained mutation: Armour fits poorly on your strangely
                  | shaped body. [mutagenic glow]
 10483 | Lair:1   | Entered Level 1 of the Lair of Beasts
 10580 | Lair:1   | Got a bronze chain mail
 10650 | D:10     | Identified the +1 chain mail of Muttered Phrases {-Tele rF+
                  | MR+ Stlth+} (You found it on level 1 of the Lair of Beasts)
 10715 | Lair:1   | Reached skill level 15 in Shields
 10867 | Lair:1   | Noticed a five-headed hydra
 10884 | Lair:1   | Killed a five-headed hydra
 11595 | D:6      | Killed Ramireus's ghost
 11839 | Lair:2   | Found a staircase to the Swamp.
 11885 | Lair:2   | Found a hole to the Spider Nest.
 12074 | Lair:2   | Identified the Catalogue of Frigorific Feathers
 12290 | Lair:2   | Reached **** piety under Makhleb
 13143 | Lair:3   | Found a frozen archway.
 13215 | IceCv    | Entered an ice cave
 13297 | IceCv    | Reached XP level 13. HP: 86/86 MP: 23/23
 13310 | IceCv    | Reached ***** piety under Makhleb
 13453 | IceCv    | Slain by a freezing wraith

Skill      XL: |  1  2  3  4  5  6  7  8  9 10 11 12 |
---------------+-------------------------------------+-----
Shields        | 4 5 6 7 9 11 13 14 15 | 15.0
Armour         | 4 5 6 7 8 11 | 11.5
Invocations    | 6 10 14 | 14.5
Fighting       | |  3.2
Staves         | |  2.0

Action                   |  1- 3 |  4- 6 |  7- 9 | 10-12 | 13-15 || total
-------------------------+-------+-------+-------+-------+-------++-------
Melee: Quarterstaff      |    71 |   233 |   474 |   213 |       ||   991
       Great mace        |       |       |       |   447 |       ||   447
       Mace              |       |       |       |   137 |     3 ||   140
Invok: Minor Destruction |       |       |       |   271 |    68 ||   339
 Abil: Dig               |       |     2 |     5 |    17 |     5 ||    29
  Use: Scroll            |       |     3 |     2 |    11 |       ||    16
       Potion            |       |       |     2 |     5 |       ||     7
  Eat: Chunk             |       |    10 |     5 |    28 |       ||    43
       Ration            |       |       |     1 |       |       ||     1
Armor: Scale mail        |    21 |       |       |       |       ||    21
       Ring mail         |     1 |    71 |    24 |       |       ||    96
       Chain mail        |       |    23 |   162 |   442 |    14 ||   641
Dodge: Dodged            |    18 |    82 |   121 |   249 |    11 ||   481
Block: Shield            |    38 |   146 |   266 |   102 |       ||   552
       Large shield      |       |       |       |  1138 |    85 ||  1223
